Map: Prüfung von Aiur LE

Players

Panda - Winner!

  • Race: Zerg Zerg
  • League: Platinum
  • Spawn Location: 11:00

Gilgamesh

  • Race: Terran Terran
  • League: Diamond
  • Spawn Location: 5:00

VOD

Have the link to the VOD?

Description

Time

  • Played on: Aug. 30, 2017, 4:28 p.m.
  • Length: 4:17
Show
View Real Time Build Order
Export as new Build Order

Panda Zerg - Winner!

Build Orders: Pool Only, Ravager All-In 

Get SALT Encoding   

  12  0:18  Spawning Pool  
  11  0:21  Drone  
  11  0:26  Drone  
  13  0:31  Drone  
  14  0:35  Extractor  
  14  0:38  Drone  
  14  0:45  Extractor  
  14  0:49  Drone  
  14  0:55  Overlord  
  14  1:10  Roach Warren  
  13  1:12  Drone  
  13  1:18  Zergling x2  
  15  1:49  Roach x3  
  21  2:02  Overlord  
  21  2:22  Roach  
  22  2:24  Ravager  
  22  2:25  Ravager x2  
  25  2:31  Roach  
  27  2:42  Roach  
  29  2:45  Overlord  
  29  3:00  Overlord  
  29  3:34  Roach x2  
  29  3:35  Roach  
  29  3:37  Ravager x2  
Show
View Real Time Build Order
Export as new Build Order

Gilgamesh Terran 

Build Orders: Reaper Expand 

Get SALT Encoding   

  12  0:01  SCV  
  13  0:13  SCV  
  14  0:18  Supply Depot  
  14  0:25  SCV  
  15  0:40  SCV  
  15  0:42  Barracks  
  16  0:50  Refinery  
  16  0:52  SCV  
  17  1:04  SCV  
  18  1:16  SCV  
  19  1:31  Orbital Command  
  19  1:34  Reaper  
  20  1:40  Command Center  
  20  1:59  SCV  
  21  2:03  Refinery  
  21  2:14  SCV  
  22  2:18  Factory  
  22  2:26  Barracks, SCV  
  22  2:28  Supply Depot  
  23  2:41  Barracks Tech Lab  
  23  2:47  Marine  
  23  2:56  Bunker  
  23  3:01  Bunker  
  23  3:04  Marine  
  19  3:22  Marine  
  19  3:24  Cyclone  
  21  3:34  SCV  
  21  3:36  SCV  
  22  3:46  SCV  
  20  3:51  Marine  
Tags
 
Add a new tag
Caveats
  • Supply blocks, unpowered buildings, or Contaminate may cause inaccurate times.
  • Supply counts are checked every 10 seconds.